Map: Cactus Valley LE (Void)

Players

Cereal - Winner!

  • Race: Zerg Zerg

printf

  • Race: Terran Terran

VOD

Have the link to the VOD?

Description

Time

  • Played on: May 1, 2015, 7:38 p.m.
  • Length: 10:56
Show
View Real Time Build Order
Export as new Build Order

Cereal Zerg - Winner!

Build Orders: Hatch First, Muta Ling Bane 

Get SALT Encoding   

  12  0:03  Drone  
  13  0:12  Overlord  
  13  0:17  Drone  
  14  0:31  Drone  
  15  0:46  Hatchery  
  14  0:51  Drone  
  14  0:53  Drone  
  14  0:56  Extractor  
  15  1:11  Spawning Pool  
  15  1:15  Drone  
  15  1:19  Drone  
  15  1:23  Drone  
  17  1:58  Metabolic Boost, Queen  
  17  1:59  Zergling x2  
  17  2:00  Zergling x2  
  21  2:02  Queen  
  21  2:06  Drone  
  24  2:14  Overlord  
  24  2:22  Drone x3  
  27  2:26  Drone  
  28  2:33  Drone  
  28  2:34  Drone  
  30  2:40  Queen  
  32  2:46  Overlord  
  32  2:49  Drone  
  33  2:56  Drone x2  
  35  3:04  Drone  
  36  3:06  Drone  
  36  3:12  Drone x3  
  40  3:13  Drone  
  40  3:16  Overlord  
  40  3:18  Queen  
  43  3:28  Zergling x2  
  42  3:44  Drone  
  42  3:45  Drone x2  
  42  3:46  Extractor  
  44  3:49  Drone x3  
  44  3:50  Hatchery  
  44  3:51  Evolution Chamber x2, Drone  
  45  3:59  Queen  
  45  4:02  Overlord  
  47  4:07  Drone  
  48  4:10  Drone  
  48  4:12  Drone, Baneling Nest  
  49  4:18  Zergling x8  
  52  4:26  Zergling x2  
  52  4:27  Zergling x6  
  52  4:30  Zerg Melee Weapons Level 1  
  56  4:35  Zerg Ground Armor Level 1  
  56  4:43  Overlord x2  
  55  5:02  Drone  
  55  5:03  Drone x9  
  65  5:19  Drone x6  
  65  5:21  Lair  
  68  5:36  Drone x2  
  68  5:37  Drone x3  
  68  5:41  Extractor x2  
  71  5:43  Drone  
  71  5:46  Drone  
  71  5:47  Drone x4  
  71  5:48  Overlord  
  77  5:54  Extractor  
  77  5:55  Pneumatized Carapace, Extractor  
  77  5:56  Drone x3  
  77  5:57  Drone  
  79  5:59  Drone  
  79  6:00  Drone  
  79  6:03  Zergling x2  
  79  6:04  Zergling x2  
  81  6:12  Zergling x10  
  81  6:14  Hatchery  
  81  6:16  Zergling x2  
  81  6:17  Zergling x2  
  87  6:25  Spire  
  86  6:26  Zergling x2  
  86  6:27  Zergling x6  
  86  6:28  Overlord x2  
  90  6:37  Hatchery  
  89  6:42  Overlord x5  
  89  6:45  Queen  
  89  6:46  Centrifical Hooks  
  84  7:07  Drone x6  
  84  7:08  Drone  
  84  7:12  Zerg Ground Armor Level 2, Zerg Melee Weapons Level 2  
  80  7:17  Zergling x18  
  80  7:18  Zergling x2  
  85  7:38  Mutalisk x5  
  85  7:42  Mutalisk x2  
  96  7:45  Mutalisk  
  96  7:52  Zergling x2  
  96  7:53  Zergling x8  
  96  7:58  Mutalisk x2  
  99  8:00  Mutalisk  
  99  8:04  Mutalisk  
  107  8:10  Hatchery  
  107  8:11  Zergling x12  
  112  8:15  Drone  
  112  8:16  Drone x4  
  112  8:18  Zerg Flyer Weapons Level 1  
  117  8:29  Zergling x20  
  127  8:36  Mutalisk  
  127  8:37  Mutalisk x2  
  131  8:47  Mutalisk x3  
  135  8:50  Zergling x14  
  138  9:03  Mutalisk  
  138  9:04  Mutalisk x2  
  138  9:05  Zergling x2  
  138  9:06  Zergling x18  
  138  9:09  Zergling x6  
  157  9:13  Baneling  
  157  9:14  Baneling x6  
  157  9:17  Overlord x2  
  153  9:45  Mutalisk x5  
  145  9:47  Zergling x32  
  145  9:48  Zergling x4  
  150  10:09  Mutalisk x3  
  154  10:17  Hatchery x2  
  154  10:18  Zergling x14  
  157  10:33  Zergling x2  
  157  10:34  Zergling x14  
  163  10:40  Infestation Pit  
Show
View Real Time Build Order
Export as new Build Order

printf Terran 

Build Orders: Reaper Expand 

Get SALT Encoding   

  12  0:00  SCV  
  13  0:13  SCV  
  14  0:21  Supply Depot  
  14  0:25  SCV  
  16  0:42  SCV  
  16  0:44  Barracks  
  16  0:49  Refinery  
  16  0:54  SCV  
  17  1:07  SCV  
  18  1:18  Barracks  
  18  1:30  Orbital Command  
  18  1:33  Supply Depot, Reaper  
  19  1:56  SCV  
  20  2:03  Command Center  
  20  2:06  Reaper  
  21  2:09  SCV  
  21  2:11  Reaper  
  23  2:21  SCV  
  24  2:32  Refinery  
  24  2:33  SCV  
  25  2:38  Reaper  
  26  2:52  Barracks x2  
  26  2:53  Barracks  
  26  3:01  Reaper  
  27  3:10  Reaper  
  27  3:12  Supply Depot  
  28  3:15  SCV  
  28  3:19  Refinery  
  29  3:22  Refinery  
  29  3:36  Reaper  
  29  3:38  SCV  
  30  3:42  Reaper  
  30  3:46  Orbital Command  
  31  3:50  SCV  
  31  3:53  Reaper x2  
  31  3:54  Reaper  
  35  4:02  SCV  
  36  4:08  Reaper  
  37  4:14  SCV, Reaper  
  38  4:25  Reaper  
  38  4:26  SCV x2, Reaper x2  
  43  4:38  SCV  
  43  4:39  SCV  
  43  4:40  Reaper  
  43  4:42  Engineering Bay  
  46  4:46  Reaper  
  46  4:50  SCV  
  46  4:51  SCV  
  49  5:06  SCV  
  48  5:07  SCV, Reaper  
  48  5:08  Reaper x2  
  48  5:12  Reaper  
  53  5:19  SCV  
  54  5:32  Reaper  
  54  5:35  SCV  
  54  5:36  Terran Infantry Weapons Level 1  
  54  5:37  Engineering Bay  
  54  5:50  Supply Depot  
  54  5:51  Command Center  
  54  5:53  Supply Depot  
  54  6:10  Terran Infantry Armor Level 1  
  54  6:11  SCV x2, Factory, Reaper x5  
  61  6:23  SCV  
  61  6:24  SCV  
  63  6:27  Supply Depot  
  63  6:30  Factory  
  63  6:36  SCV x2  
  65  6:41  Supply Depot  
  65  6:43  Reaper  
  65  6:44  Reaper x4, Barracks  
  70  6:49  SCV x2  
  72  7:01  SCV x2  
  64  7:19  Reaper  
  64  7:20  Reaper x4  
  68  7:23  SCV x2  
  68  7:25  Planetary Fortress  
  70  7:31  Factory Tech Lab x2  
  70  7:35  Armory, SCV  
  70  7:36  SCV  
  72  7:41  Missile Turret  
  72  7:44  Refinery  
  72  7:46  Refinery  
  72  7:47  SCV  
  71  7:52  Reaper x5  
  71  7:54  SCV  
  77  8:00  SCV  
  78  8:10  SCV  
  78  8:11  SCV  
  80  8:13  SCV  
  80  8:18  Command Center  
  81  8:25  Missile Turret  
  81  8:26  Missile Turret  
  87  8:27  Missile Turret  
  87  8:30  Thor  
  87  8:32  Thor  
  89  8:39  Missile Turret  
  74  9:26  SCV x2  
  76  9:36  Orbital Command  
  62  10:01  Thor  
  74  10:09  Reaper  
  74  10:10  Reaper x3  
Tags
 
Add a new tag
Caveats
  • Supply blocks, unpowered buildings, or Contaminate may cause inaccurate times.
  • Supply counts are checked every 10 seconds.